 Dungeon Crawl Stone Soup version 0.28.0-53-g5a82cb258f (webtiles) character file.

Game seed: 6807677585953385398

122686 Peloso the Peltast (level 16, -2/155 HPs)
             Began as a Minotaur Fighter on June 15, 2022.
             Was the Champion of Okawaru.
             Killed from afar by a deep elf zephyrmancer (25 damage)
             ... with a bolt of lightning
             ... on level 2 of the Elven Halls.
             The game lasted 01:11:59 (37763 turns).

Peloso the Peltast (Minotaur Fighter)              Turns: 37763, Time: 01:12:01

Health: -2/155     AC: 27    Str: 43    XL:     16   Next: 35%
Magic:  12/17      EV: 14    Int:  2    God:    Okawaru [******]
Gold:   2514       SH: 15    Dex: 13    Spells: 15/15 levels left

rFire   . . .      SeeInvis +   a - +3 double sword (vorpal)
rCold   . . .      Faith    .   h - +0 buckler
rNeg    + + +      Spirit   .   F - +2 plate armour {rF+}
rPois   +          Reflect  +   k - +0 hat "Tyfedits" {rPois rCorr Dex-3 SInv}
rElec   .          Harm     .   i - +0 cloak of the Stonemason {rF- rN+++ Str+9 Int-3}
rCorr   +          Rampage  .   f - +0 pair of gloves {infuse}
Will    ++...                   e - +0 pair of boots
Stlth   ..........              H - amulet "Wedyar" {Reflect Will+ SH+5 Stlth+}
HPRegen 0.35/turn               j - +6 ring of dexterity
MPRegen 0.15/turn               m - ring of Nuculi Rucan {rN+ Str+7 Dex-2 SInv}

@: heroic
A: horns 2, retaliatory headbutt
a: Renounce Religion, Heroism, Finesse, Duel


You were on level 2 of the Elven Halls.
You worshipped Okawaru.
Okawaru was exalted by your worship.
You visited 6 branches of the dungeon, and saw 27 of its levels.
You also visited: Bailey and Gauntlet.

You collected 3208 gold pieces.
You spent 694 gold pieces at shops.

Inventory:

Hand Weapons
 a - a +3 vorpal double sword (weapon)
 b - a +4 scimitar of flaming
 c - a +2 demon blade of electrocution
Armour
 e - a +0 pair of boots (worn)
 f - a +0 pair of gloves of infusion (worn)
 h - a +0 buckler (worn)
 i - the +0 cloak of the Stonemason (worn) {rF- rN+++ Str+9 Int-3}
   (You found it in a bailey)

   Str:       It affects your strength (+9).
   Int:       It affects your intelligence (-3).
   rF:        It makes you vulnerable to fire.
   rN:        It renders you almost immune to negative energy.
 k - the +0 hat "Tyfedits" (worn) {rPois rCorr Dex-3 SInv}
   (Okawaru gifted it to you on level 1 of the Elven Halls)

   Dex:       It affects your dexterity (-3).
   rPois:     It protects you from poison.
   SInv:      It lets you see invisible.
   rCorr:     It protects you from acid and corrosion.
 F - a +2 plate armour of fire resistance (worn)
 K - the +1 cloak of the Lonely Nightmares {rN++}
   (Okawaru gifted it to you in a Gauntlet)

   rN:        It greatly protects you from negative energy.
 M - a +0 chain mail of cold resistance
 Y - the +10 plate armour of the End {rPois Str+2}
   (Okawaru gifted it to you on level 13 of the Dungeon)

   Str:       It affects your strength (+2).
   rPois:     It protects you from poison.
Jewellery
 j - a +6 ring of dexterity (left hand)
 m - the ring of Nuculi Rucan (right hand) {rN+ Str+7 Dex-2 SInv}
   (You bought it in a shop on level 2 of the Orcish Mines)

   [ring of positive energy]

   Str:       It affects your strength (+7).
   Dex:       It affects your dexterity (-2).
   rN:        It protects you from negative energy.
   SInv:      It lets you see invisible.
 t - a ring of flight
 H - the amulet "Wedyar" (around neck) {Reflect Will+ SH+5 Stlth+}
   (You found it in a Gauntlet)

   [amulet of reflection]

   It reflects blocked missile attacks.
   SH:        It affects your SH (+5).
   Will:      It increases your willpower.
   Stlth:     It makes you more stealthy.
Scrolls
 q - 7 scrolls of teleportation
 x - a scroll of blinking
 y - 6 scrolls of noise
 A - a scroll of fear
 G - a scroll of acquirement
 J - a scroll of immolation
 X - 3 scrolls of identify
Potions
 d - 8 potions of might
 g - a potion of flight
 p - 2 potions of curing
 r - a potion of mutation
 u - 2 potions of resistance
 z - 3 potions of haste
 B - 3 potions of berserk rage


   Skills:
 + Level 17.1(22.1) Fighting
 + Level 18.2(23.2) Long Blades
 + Level 16.9(21.9) Armour
 + Level 4.9(9.9) Dodging
 + Level 2.9(7.9) Stealth
 + Level 18.3(23.3) Shields
 + Level 3.0 Invocations
 + Level 1.5 Evocations


You had 15 spell levels left.
You didn't know any spells.
Your spell library contained the following spells:

 Spells                   Type           Power      Damage    Failure   Level
 Apportation              Tloc           0%         N/A       86%         1
 Magic Dart               Conj           0%         1d3       86%         1
 Slow                     Hex            0%         N/A       86%         1
 Static Discharge         Conj/Air       0%         N/A       95%         2
 Confusing Touch          Hex            0%         N/A       99%         3
 Conjure Flame            Conj/Fire      0%         6-21      99%         3
 Gell's Gravitas          Tloc           0%         N/A       99%         3
 Ignite Poison            Fire/Tmut/Pois 0%         N/A       99%         3
 Lesser Beckoning         Tloc           0%         N/A       99%         3
 Mephitic Cloud           Conj/Pois/Air  0%         N/A       99%         3
 Teleport Other           Tloc           0%         N/A       99%         3
 Vampiric Draining        Necr           0%         2d6       99%         3
 Airstrike                Air            0%         N/A       100%        4
 Cause Fear               Hex            0%         N/A       100%        4
 Dispel Undead            Necr           0%         3d6       100%        4
 Sticky Flame             Conj/Fire      0%         2d3       100%        4
 Alistair's Intoxication  Tmut/Pois      0%         N/A       100%        5
 Blade Hands              Tmut           0%         N/A       100%        5
 Borgnjor's Vile Clutch   Necr/Erth      0%         N/A       100%        5
 Fireball                 Conj/Fire      0%         3d3       100%        5
 Lightning Bolt           Conj/Air       0%         1d11      100%        5
 Iron Shot                Conj/Erth      0%         9d1       100%        6
 Starburst                Conj/Fire      0%         6d3       100%        6
 Dragon Form              Tmut           0%         N/A       100%        7
 Ignition                 Fire           0%         3d3       100%        8
 Call Imp                 Summ           Unusable   N/A       N/A         2
 Animate Armour           Summ/Erth      Unusable   N/A       N/A         4
 Animate Dead             Necr           Unusable   N/A       N/A         4
 Summon Lightning Spire   Summ/Air       Unusable   N/A       N/A         4
 Death Channel            Necr           Unusable   N/A       N/A         6
 Dragon's Call            Summ           Unusable   N/A       N/A         9

Dungeon Overview and Level Annotations

Branches:
Dungeon (15/15)            Temple (1/1) D:7            Lair (6/6) D:9
  Swamp (0/4) Lair:4        Snake (1/4) Lair:3        Slime (0/5) Lair:5
    Orc (2/2) D:9             Elf (1/3) Orc:2        Vaults (0/5) D:13
 Depths (0/4) D:15         Bailey (visited)         Gauntlet (visited)

Altars:
Ashenzari
Cheibriados
Dithmenos
Elyvilon
Fedhas
Gozag
Hepliaklqana
Kikubaaqudgha
Makhleb
Okawaru
Qazlal
Ru
Sif Muna
Trog
Uskayaw
Vehumet
Wu Jian
Xom
Yredelemnul
Zin
The Shining One
Beogh
Jiyva

Shops:
D:13 *   Orc:2 :*!=

Annotations:
D:4 3 runed translucent doors, shaman420's ghost, amateur OpHu
Lair:3 Casa
Elf:2 3 runed translucent doors


Innate Abilities, Weirdness & Mutations

You have a pair of horns on your head.
You reflexively headbutt those who attack you in melee.


Message History

The deep elf pyromancer casts a spell.
You miss the +3 scimitar of electrocution.
You block the +2 flail of protection's attack.
The +3 scimitar of electrocution hits you!
* * * LOW HITPOINT WARNING * * *
You block the +1 vorpal battleaxe's attack.
Unknown command.
You barely miss the +3 scimitar of electrocution.
Your headbutt misses the +3 scimitar of electrocution.
The +2 flail of protection hits you but does no damage.
You block the +3 scimitar of electrocution's attack.
You block the +1 vorpal battleaxe's attack.
You slice the +3 scimitar of electrocution!!
You headbutt the +3 scimitar of electrocution.
The +3 scimitar of electrocution falls from the air.
Okawaru accepts your kill.
The +2 flail of protection completely misses you.
You block the +1 vorpal battleaxe's attack.
The +2 flail of protection hits you!
* * * LOW HITPOINT WARNING * * *
You block the +2 flail of protection's attack.
You see here a +3 scimitar of electrocution.
Unknown command.
You open the deep elf pyromancer like a pillowcase!!!
You kill the deep elf pyromancer!
Okawaru accepts your kill.
The fire elemental disappears in a puff of smoke!
You hear a shout!
The +2 flail of protection hits you.
* * * LOW HITPOINT WARNING * * *
The +1 vorpal battleaxe hits you!
* * * LOW HITPOINT WARNING * * *
x2 You feel much better.
You block the +2 flail of protection's attack.
You block the +1 vorpal battleaxe's attack.
The +2 flail of protection hits you.
* * * LOW HITPOINT WARNING * * *
The deep elf zephyrmancer gestures at you while chanting.
The bolt of lightning hits you!!
You die...

#..#...........#
#...e.........
.##......)......##
#..#e..........#.#
....#....e.°○°#..#
..§.(#.......#§..#
.e....#.....#....#
.......#...#.....###
........###....)@.+###...
........# #.....((+......
........# #.......+###...
#...#.....### .
.....#....# ..
......#...# ..
.......#..# #.
........#.# .#
.........##


You could see a deep elf zephyrmancer and 2 dancing weapons.

Vanquished Creatures
  An ironbound preserver (D:13)
  A stone giant (D:14)
  The ghost of Peloso the Fencer, a journeyman MiFi of Okawaru (D:12)
  Nessos (Lair:6)
  A minotaur (Gauntlet)
  An ettin (D:12)
  A rakshasa (D:15)
  A great orb of eyes (Gauntlet)
  11 hydras
  2 boulder beetles
  A catoblepas (D:13)
  A death knight (D:15)
  An anaconda (Lair:3)
  Erica (D:9)
  7 centaur warriors
  3 ogre magi
  4 death yaks (Gauntlet)
  9 two-headed ogres
  5 dancing weapons
  10 orc high priests
  A deep elf knight (Elf:1)
  A skeletal warrior (D:14)
  Pikel (D:5)
  A lindwurm (shapeshifter) (D:13)
  8 deep elf pyromancers
  3 orc knights
  2 deep elf archers (Elf:1)
  A deep elf zephyrmancer (Elf:1)
  2 phantasmal warriors
  A necromancer (Gauntlet)
  3 mana vipers (Lair:3)
  16 ugly things
  5 cyclopes
  4 manticores
  A lindwurm (Lair:6)
  A wolf spider (Lair:6)
  2 orc sorcerers
  15 slime creatures
  12 black mambas
  A naga mage (Snake:1)
  17 elephants
  A centaur zombie (D:10)
  A torpor snail (shapeshifter) (Elf:1)
  A guardian serpent (Lair:6)
  2 torpor snails (Lair:5)
  13 cane toads
  A gargoyle (D:13)
  12 komodo dragons
  Psyche (D:8)
  2 rime drakes
  2 efreet (D:14)
  2 unseen horrors
  3 yaktaurs (D:15)
  3 tengu conjurers
  A queen bee (Lair:3)
  A meliai (D:13)
  6 trolls
  A merfolk (D:11)
  4 polar bears
  7 blink frogs
  3 hornets (Lair:6)
  A tyrant leech (Lair:4)
  13 dream sheep (Lair:4)
  A snapping turtle (shapeshifter) (D:15)
  4 shadows
  A vampire (D:10)
  68 yaks
  13 wyverns
  5 wraiths
  A fire elemental (Elf:1)
  7 basilisks
  A redback (Lair:6)
  Eustachio (D:6)
  8 vampire mosquitoes
  Edmund (D:5)
  An acid dragon (D:13)
  9 wargs
  29 water moccasins
  4 ice beasts
  3 small abominations (Gauntlet)
  A sky beast (D:6)
  20 orc warriors
  6 black bears
  A hornet zombie (D:7)
  A swamp drake (D:9)
  14 wolves
  10 ogres
  5 boggarts (D:15)
  12 centaurs
  2 phantoms
  2 kobold brigands
  10 bullfrogs
  3 scorpions
  Blork the orc (D:4)
  A gnoll sergeant (D:8)
  2 wyvern zombies
  A wyvern skeleton (D:5)
  15 killer bees (Lair:3)
  A wight (D:8)
  2 howler monkeys
  3 electric eels
  3 bullfrog zombies
  6 jellies
  2 bullfrog skeletons
  4 hounds
  35 orc priests
  2 gnoll shamans
  29 orc wizards
  3 iguanas
  2 killer bee zombies (D:8)
  19 gnolls
  12 adders
  A shadow imp (D:6)
  A white imp (D:7)
  An ufetubus (D:6)
  2 dart slugs (D:1)
  110 orcs
  6 ball pythons
  8 endoplasms
  2 giant cockroaches
  13 goblins
  5 hobgoblins
  3 jackals (D:5)
  4 quokkas
  4 bats
  A frilled lizard (D:1)
  14 kobolds
  2 rats
806 creatures vanquished.

Vanquished Creatures (others)
  An orc (D:9)
  51 fungi
  62 plants
114 creatures vanquished.

Grand Total: 920 creatures vanquished

Notes
Turn   | Place    | Note
-------+----------+-------------------------------------------
     0 | D:1      | Peloso the Minotaur Fighter began the quest for the Orb.
     0 | D:1      | Reached XP level 1. HP: 19/19 MP: 0/0
   282 | D:1      | Reached XP level 2. HP: 22/27 MP: 1/1
   788 | D:1      | Found a faded altar of an unknown god.
  1043 | D:1      | Reached XP level 3. HP: 29/33 MP: 2/2
  1620 | D:2      | You fall into a shaft and drop 2 floors!
  1630 | D:4      | Found a runed translucent gate.
  1630 | D:4      | Found a runed translucent gate.
  1630 | D:4      | Found a runed translucent gate.
  1631 | D:4      | Noticed shaman420's ghost (amateur OpHu)
  1696 | D:4      | Found Utoal's Lightly-Used Armoury.
  2059 | D:3      | Reached XP level 4. HP: 40/40 MP: 3/3
  2799 | D:4      | Reached XP level 5. HP: 41/46 MP: 4/4
  2836 | D:4      | Reached skill level 5 in Armour
  3051 | D:4      | Noticed an ogre
  3060 | D:4      | Killed an ogre
  3061 | D:4      | Reached skill level 5 in Long Blades
  3061 | D:4      | Reached XP level 6. HP: 53/53 MP: 5/5
  3941 | D:5      | Entered Level 5 of the Dungeon
  3941 | D:5      | Noticed Blork the orc
  3969 | D:4      | HP: 1/53 [Blork the orc/puff of frost (10)]
  3973 | D:4      | Killed Blork the orc
  3974 | D:4      | Reached skill level 1 in Dodging
  3974 | D:4      | Reached skill level 5 in Shields
  3974 | D:4      | Reached XP level 7. HP: 9/60 MP: 6/6
  4438 | D:5      | Found an opulent altar of Gozag.
  4566 | D:5      | Noticed Pikel
  4576 | D:5      | Killed Pikel
  4577 | D:5      | Reached skill level 5 in Fighting
  4577 | D:5      | Reached XP level 8. HP: 51/69 MP: 7/7
  5083 | D:5      | Noticed Edmund
  5092 | D:5      | Killed Edmund
  5577 | D:6      | Noticed Eustachio
  5712 | D:6      | Killed Eustachio
  5796 | D:6      | Reached XP level 9. HP: 67/75 MP: 8/8
  6305 | D:6      | Found a radiant altar of Vehumet.
  6434 | D:7      | Reached skill level 10 in Long Blades
  6816 | D:7      | Found a staircase to the Ecumenical Temple.
  6833 | Temple   | Entered the Ecumenical Temple
  6847 | Temple   | Became a worshipper of Warmaster Okawaru
  7100 | D:7      | Found a bloodstained altar of Trog.
  7617 | D:7      | Noticed a two-headed ogre
  7625 | D:7      | Killed a two-headed ogre
  7625 | D:7      | Reached * piety under Okawaru
  7626 | D:7      | Reached skill level 1 in Stealth
  7626 | D:7      | Reached XP level 10. HP: 19/86 MP: 9/9
  8690 | D:8      | Found a basalt altar of Yredelemnul.
  8802 | D:8      | Reached ** piety under Okawaru
  9232 | D:8      | Noticed Psyche
  9246 | D:8      | Killed Psyche
  9616 | D:9      | Reached skill level 10 in Armour
  9619 | D:9      | Found a staircase to the Lair.
  9637 | D:9      | Noticed a two-headed ogre
 10082 | D:9      | Killed a two-headed ogre
 11259 | D:9      | Found a glowing silver altar of Zin.
 11422 | D:9      | Noticed a two-headed ogre
 11431 | D:9      | Killed a two-headed ogre
 11431 | D:9      | Reached *** piety under Okawaru
 12012 | D:9      | Noticed Erica
 12573 | D:9      | Killed Erica
 12574 | D:9      | Reached XP level 11. HP: 92/95 MP: 7/10
 12586 | D:9      | Found a staircase to the Orcish Mines.
 12836 | D:10     | Entered Level 10 of the Dungeon
 12899 | D:10     | Found a flagged portal.
 12918 | Bailey   | Entered a bailey
 13189 | Bailey   | Noticed an orc knight
 13189 | Bailey   | Noticed an orc knight
 13206 | Bailey   | Killed an orc knight
 13477 | Bailey   | Killed an orc knight
 13614 | Bailey   | Identified the +0 cloak of the Stonemason {rF- rN+++ Str+9
                  | Int-3}
 13926 | D:10     | Reached skill level 1 in Invocations
 14090 | D:10     | Reached **** piety under Okawaru
 14262 | D:10     | Noticed a two-headed ogre
 14270 | D:10     | Killed a two-headed ogre
 14442 | D:10     | Reached ***** piety under Okawaru
 14443 | D:10     | Reached skill level 10 in Shields
 14446 | D:10     | Received a gift from Okawaru
 14483 | D:10     | Found a snail-covered altar of Cheibriados.
 15103 | D:11     | Noticed a two-headed ogre
 15107 | D:11     | Killed a two-headed ogre
 15113 | D:11     | Noticed a two-headed ogre
 15138 | D:11     | Killed a two-headed ogre
 15641 | D:11     | Reached skill level 10 in Fighting
 15714 | D:11     | Received a gift from Okawaru
 15763 | D:11     | Reached XP level 12. HP: 106/106 MP: 12/12
 16160 | Lair:1   | Entered Level 1 of the Lair of Beasts
 16213 | Lair:1   | You fall into a shaft and drop 1 floor!
 16406 | Lair:1   | Noticed a four-headed hydra
 16415 | Lair:1   | Killed a one-headed hydra
 16666 | Lair:1   | Found a gate leading to a gauntlet.
 16675 | Gauntlet | Entered a Gauntlet
 16675 | Gauntlet | Found a transporter.
 16682 | Gauntlet | Found a transporter.
 16686 | Gauntlet | Found a transporter.
 16692 | Gauntlet | Found a transporter.
 16699 | Gauntlet | Found a transporter.
 16703 | Gauntlet | Found a transporter.
 16707 | Gauntlet | Found a runed translucent door.
 16707 | Gauntlet | Found a runed translucent door.
 16708 | Gauntlet | Found a transporter.
 16715 | Gauntlet | Found a transporter.
 16719 | Gauntlet | Found a transporter.
 16723 | Gauntlet | Noticed a great orb of eyes
 16724 | Gauntlet | Found a transporter.
 16733 | Gauntlet | Found a transporter.
 16736 | Gauntlet | Found a transporter.
 16741 | Gauntlet | Found a transporter.
 16742 | Gauntlet | Noticed a death yak
 16743 | Gauntlet | Noticed a death yak
 16744 | Gauntlet | Noticed a death yak
 16744 | Gauntlet | Noticed a death yak
 16748 | Gauntlet | Found a transporter.
 17400 | Gauntlet | Identified the amulet "Wedyar" {Reflect Will+ SH+5 Stlth+}
 17433 | Gauntlet | Killed a great orb of eyes
 17446 | Gauntlet | Identified the +1 cloak of the Lonely Nightmares {rN++}
                  | (Okawaru gifted it to you in a Gauntlet)
 17446 | Gauntlet | Received a gift from Okawaru
 17719 | Gauntlet | Killed a death yak
 17722 | Gauntlet | Killed a death yak
 17723 | Gauntlet | Reached skill level 15 in Long Blades
 17728 | Gauntlet | Killed a death yak
 17732 | Gauntlet | Killed a death yak
 17763 | Gauntlet | Noticed a minotaur
 17775 | Gauntlet | Killed a minotaur
 18584 | Lair:2   | Reached XP level 13. HP: 110/118 MP: 13/13
 19255 | Lair:2   | Identified a scroll of acquirement
 19302 | Lair:3   | Identified the +1 scale mail of Suin Jie {*Corrode rElec
                  | rPois SInv} (Okawaru gifted it to you on level 3 of the
                  | Lair of Beasts)
 19302 | Lair:3   | Received a gift from Okawaru
 20676 | Lair:3   | Found a staircase to the Snake Pit.
 21046 | Lair:4   | Found a staircase to the Swamp.
 21349 | Lair:4   | Received a gift from Okawaru
 22556 | D:12     | Reached XP level 14. HP: 126/130 MP: 14/14
 23425 | D:12     | Found an ornate altar of the Wu Jian Council.
 23927 | Orc:1    | Entered Level 1 of the Orcish Mines
 23981 | Orc:1    | Received a gift from Okawaru
 24146 | Orc:2    | Entered Level 2 of the Orcish Mines
 24751 | Orc:2    | Found Waicic's Distillery.
 24751 | Orc:2    | Found Ruref's Jewellery Boutique.
 24755 | Orc:2    | Reached skill level 15 in Shields
 24789 | Orc:2    | Bought the ring of Nuculi Rucan {rN+ Str+7 Dex-2 SInv} for
                  | 667 gold pieces
 24843 | Orc:2    | Found Disops's Book Shoppe.
 24843 | Orc:2    | Found Zauck's Assorted Antiques.
 24892 | Orc:2    | Bought a scroll labelled OCWOWIE RUSCHE for 27 gold pieces
 24942 | Orc:2    | Found a staircase to the Elven Halls.
 25169 | Orc:2    | Found a shimmering blue altar of Sif Muna.
 26051 | D:13     | Found a runed translucent gate.
 26051 | D:13     | Found a runed translucent gate.
 26051 | D:13     | Found a runed translucent gate.
 26051 | D:13     | Found an opulent altar of Gozag.
 26413 | D:13     | Identified the +10 plate armour of the End {rPois Str+2}
                  | (Okawaru gifted it to you on level 13 of the Dungeon)
 26413 | D:13     | Received a gift from Okawaru
 26539 | D:13     | Reached ****** piety under Okawaru
 26550 | D:13     | Noticed an ironbound preserver
 26912 | D:13     | Reached skill level 15 in Armour
 26921 | D:13     | Killed an ironbound preserver
 27144 | D:13     | Found a gate to the Vaults.
 27441 | D:13     | Reached skill level 15 in Fighting
 27825 | D:13     | Identified the +10 hand axe "Vaenk" {vorpal, Fly rElec
                  | Will++ Dex-4}
 28081 | D:13     | Found Xevifawe's Assorted Antiques.
 28082 | D:13     | Noticed Peloso's ghost (journeyman MiFi)
 28734 | D:12     | Killed Peloso's ghost
 29308 | D:14     | Identified the +10 dagger of Heqanoju {freeze, +Blink rPois
                  | rCorr}
 29860 | D:14     | Reached XP level 15. HP: 95/141 MP: 15/15
 30648 | D:15     | Entered Level 15 of the Dungeon
 30797 | D:15     | Received a gift from Okawaru
 30797 | D:15     | Found the +2 cloak of the Thief {*Fog Slay-2 SInv Stlth+}
 31970 | D:15     | Found a staircase to the Depths.
 32073 | D:15     | Found an iron altar of Okawaru.
 33406 | Lair:5   | Found a viscous altar of Jiyva.
 33406 | Lair:5   | Found a staircase to the Slime Pits.
 33662 | Lair:5   | Received a gift from Okawaru
 34036 | Lair:6   | Entered Level 6 of the Lair of Beasts
 34799 | Lair:6   | Noticed Nessos
 34811 | Lair:6   | Killed Nessos
 35439 | Lair:6   | Received a gift from Okawaru
 35481 | Lair:6   | Reached skill level 1 in Evocations
 35486 | Lair:6   | Reached XP level 16. HP: 149/152 MP: 10/17
 36325 | Snake:1  | Entered Level 1 of the Snake Pit
 36743 | Elf:1    | Entered Level 1 of the Elven Halls
 36768 | Elf:1    | Paralysed by an orc sorcerer for 3 turns
 37550 | Elf:1    | Identified the +0 hat "Tyfedits" {rPois rCorr Dex-3 SInv}
                  | (Okawaru gifted it to you on level 1 of the Elven Halls)
 37550 | Elf:1    | Received a gift from Okawaru
 37734 | Elf:1    | You fall into a shaft and drop 1 floor!
 37751 | Elf:2    | Found a runed translucent gate.
 37751 | Elf:2    | Found a runed translucent gate.
 37751 | Elf:2    | Found a runed translucent gate.
 37762 | Elf:2    | HP: 7/155 [+1 vorpal battleaxe (4)]
 37763 | Elf:2    | Killed from afar by a deep elf zephyrmancer

Illustrated notes

Levels and vault maps discovered:
D:1:      zaba_arrival_water, layout_basic, dilly_ecumenical_altar_fadedgnrine,
          serial_bayou_crossing
D:2:      layout_basic
D:3:      kennysheep_the_goblin_king, layout_loops_ring, corner_web_ring
D:4:      layout_loops_corners, ebering_ghost_rock_garden, minmay_shop_damaged,
          minmay_misc_feat_ornament
D:5:      layout_basic, nicolae_gozag_cash_rules_everything_around_me,
          uniq_blork_the_orc, uniq_edmund, uniq_pikel
D:6:      layout_basic, nicolae_vehumet_altar_sigil,
          amcnicky_mini_corridor_feature, hangedman_decor_opposing,
          grunt_ministairs_13, uniq_eustachio
D:7:      minmay_inner_zag, layout_cave_pools, old_standard_altar, temple_green,
          chequers_serial_rivers_micro_e, moated_statue
D:8:      layout_basic, mainiacjoe_overflow_paths, minmay_between, uniq_psyche
D:9:      layout_layer_cave, mainiacjoe_overflow_concentric_impassable,
          due_lair_maze_entry_diamond, erik_orc_1, uniq_erica
D:10:     layout_loops_corners, lemuel_tele_altar, enter_bailey_7,
          roderic_three_in_a_row
D:11:     layout_gridville, hangedman_fish_farm
D:12:     layout_stronghold, nicolae_wu_jian_immortal_techniques
D:13:     layout_layer_cave, skrybe_vaults_entry_preservation,
          ebering_ghost_gozag
D:14:     layout_rooms
D:15:     grunt_enter_depths_giant_problem, layout_rooms, okawaru_trees_1,
          minmay_stone_trees_small
Temple:   lightli_temple_of_artemis
Lair:1:   layout_concentric_octagons, gauntlet_entry_generic,
          infiniplex_staircase_pool, grunt_megastairs_1
Lair:2:   layout_loops_ring, beast_lair_carwin_4
Lair:3:   layout_cellular_growth, dummy_snake_entry, special_room
          [special_room_bee]
Lair:4:   layout_roguey, minmay_swamp_entry_worms, st_stairs_10
Lair:5:   layout_cave_pods, dpeg_slime_entry_enclosed_altar,
          amcnicky_mini_pool_medium, serial_bayou_shore_a
Lair:6:   hangedman_lair_tendril_chambers, layout_gridlike, uniq_nessos
Snake:1:  layout_rooms
Orc:1:    layout_caves, basic_altar
Orc:2:    st_orc_town, layout_caves, kennysheep_orc_sif_temple
Elf:1:    nicolae_elf_arrival_no_cutting_in_line, layout_geoelf_diagonals,
          evilmike_minifort
Elf:2:    nicolae_elf_blades_splatter_lattice [nicolae_blade_entry_pointy_end],
          layout_geoelf_octagon, serial_shops, shop, grunt_megastairs_2

Skill      XL: |  1  2  3  4  5  6  7  8  9 10 11 12 13 14 15 16 |
---------------+-------------------------------------------------+-----
Shields        | 4 5 6 7 9 10 12 14 16 17 18 | 18.3
Fighting       | 4 5 6 7 8 10 12 13 15 16 17 | 17.1
Armour         | 4 5 6 7 9 10 11 13 14 15 16 | 16.9
Long Blades    | 3 4 5 6 8 9 11 13 14 15 16 17 18 | 18.2
Dodging        | 1 2 3 4 |  4.9
Stealth        | 1 2 |  2.9
Invocations    | 1 2 3 |  3.0
Evocations     | 1 |  1.5

Action                   |  1- 3 |  4- 6 |  7- 9 | 10-12 | 13-15 | 16-18 || total
-------------------------+-------+-------+-------+-------+-------+-------++-------
Melee: Long sword        |    76 |   104 |   268 |   236 |       |       ||   684
       Headbutt          |    10 |    29 |    61 |   128 |   280 |    26 ||   534
       Scimitar          |       |       |       |   179 |   344 |       ||   523
       Demon blade       |       |       |       |   190 |   226 |       ||   416
       Double sword      |       |       |       |       |   571 |   123 ||   694
Invok: Heroism           |       |       |       |    16 |     7 |     2 ||    25
Evoke: Wand              |       |       |       |     7 |     1 |     5 ||    13
  Use: Potion            |     2 |     3 |       |     5 |     2 |     2 ||    14
       Scroll            |       |     1 |     3 |    13 |    11 |     3 ||    31
 Stab: Paralysed         |       |       |       |       |     1 |       ||     1
Armor: Scale mail        |    36 |    37 |     3 |     3 |       |       ||    79
       Chain mail        |       |       |    81 |    86 |       |       ||   167
       Plate armour      |       |       |       |   122 |   503 |    76 ||   701
Dodge: Dodged            |    39 |    25 |    59 |   148 |   374 |    56 ||   701
Block: Buckler           |    20 |    38 |   135 |   331 |   755 |    88 ||  1367
       Reflection        |       |       |     1 |     8 |    56 |     1 ||    66
